 Dungeon Crawl Stone Soup version 0.18.1-50-g88ac8fd (webtiles) character file.

47817 magog001 the Carver (level 14, -1/116 HPs)
             Began as a Minotaur Fighter on July 28, 2017.
             Was the Champion of Nemelex Xobeh.
             Slain by a slime creature (11 damage)
             ... on level 1 of the Pits of Slime on July 30, 2017.
             The game lasted 02:12:37 (17930 turns).

magog001 the Carver (Minotaur Fighter)             Turns: 17930, Time: 02:12:40

Health: -1/116     AC:  2    Str: 24      XL:     14   Next: 10%
Magic:  14/14      EV:  8    Int:  5 (7)  God:    Nemelex Xobeh [******]
Gold:   543        SH: 20    Dex:  9      Spells: 0 memorised, 13 levels left

rFire  . . .     SeeInvis .     O - +7 scimitar (flame)
rCold  . . .     Gourm    +     B - +2 plate armour
rNeg   . . .     Faith    .     k - +1 large shield
rPois  .         Spirit   .     h - +2 hat
rElec  .         Dismiss  .     (no cloak)
rCorr  .         Reflect  .     e - +2 pair of gloves
SustAt .         Harm     .     (no boots)
MR     +....                    b - amulet of the gourmand
Stlth  ..........               c - +3 ring of slaying
                                s - +2 ring of slaying

@: about to teleport, corroded, somewhat resistant to hostile enchantments,
extremely unstealthy
A: retaliatory headbutt, fangs 1, horns 2, repulsion field 1, rough black scales
1, blurry vision 1, clever 1, deformed body, deterioration 2, frail 1, sense
surroundings 1, screaming 1, weak 1
a: Triple Draw, Deal Four, Stack Five, Renounce Religion


You were on level 1 of the Pits of Slime.
You worshipped Nemelex Xobeh.
Nemelex Xobeh was exalted by your worship.
You were not hungry.

You visited 4 branches of the dungeon, and saw 19 of its levels.

You collected 2331 gold pieces.
You spent 1788 gold pieces at shops.

Inventory:

Hand Weapons
 a - a +0 blowgun
 O - a +7 scimitar of flaming (weapon)
Missiles
 d - 4 curare-tipped needles
 m - 31 poisoned needles
 G - 5 javelins of penetration (quivered)
Armour
 e - a +2 pair of gloves (worn)
 h - a +2 hat (worn)
 k - a +1 large shield (worn)
 B - a +2 plate armour (worn)
Jewellery
 b - an amulet of the gourmand (around neck)
 c - a +3 ring of slaying (right hand)
 o - an uncursed ring of flight
 s - a +2 ring of slaying (left hand)
Wands
 u - a wand of flame (34/48)
 E - a wand of iceblast (9/15)
 L - a wand of iceblast (4/15)
 R - a wand of flame (39/48)
 V - a wand of disintegration (22/24)
 Y - a wand of disintegration (4/24)
Scrolls
 l - 9 scrolls of remove curse
 p - 2 scrolls of blinking
 C - a scroll of teleportation
 I - 2 scrolls of recharging
 K - a scroll of fear
 Q - 3 scrolls of magic mapping
Potions
 g - a potion of magic
 r - 2 potions of flight
 t - 7 potions of curing
 z - a potion of might
 F - a potion of haste
 J - 5 potions of brilliance
 P - a potion of invisibility
Miscellaneous
 n - a plain deck of destruction {drawn: 2}
 q - an ornate deck of destruction
 v - a disc of storms
 w - a legendary deck of escape
 x - a disc of storms
 y - a fan of gales
 A - an ornate deck of escape
 D - an ornate deck of destruction
 H - a legendary deck of destruction
 M - a legendary deck of destruction {drawn: 2}
 N - a legendary deck of war
 S - a legendary deck of destruction {drawn: 3}
 T - an ornate deck of war {drawn: 3}
 U - a disc of storms
 W - a box of beasts {used: 1}
 X - a legendary deck of wonders
Comestibles
 f - 10 bread rations
 i - 8 fruits
 j - 7 meat rations


   Skills:
 * Level 13.0 Fighting
 * Level 14.4 Long Blades
   Level 4.1 Axes
 * Level 8.7 Throwing
 * Level 12.9 Armour
 + Level 4.3 Dodging
 + Level 0.8 Stealth
 + Level 13.6 Shields
 + Level 1.8 Evocations


You had 13 spell levels left.
You didn't know any spells.

Dungeon Overview and Level Annotations

Branches:
Dungeon (10/15)            Temple (0/1) D:5            Lair (6/8) D:9
 Shoals (0/4) Lair:5       Spider (0/4) Lair:4        Slime (1/6) Lair:6
    Orc (2/2) D:9             Elf (0/3) Orc:2

Altars:
Ashenzari
Cheibriados
Elyvilon
Gozag
Kikubaaqudgha
Makhleb
Nemelex Xobeh
Pakellas
Qazlal
Sif Muna
Trog
Vehumet
Xom
The Shining One
Beogh

Shops:
D:4 :   Orc:2 (!?}


Innate Abilities, Weirdness & Mutations

You reflexively headbutt those who attack you in melee.
You have a pair of horns on your head.
You have very sharp teeth.
You are surrounded by a mild repulsion field (EV +2).
You are partially covered in rough black scales (AC +4, Dex -1).
Scrolls take you a little longer to read.
Your mind is acute. (Int +2)
Armour fits poorly on your strangely shaped body.
Your body often deteriorates upon taking damage.
You are frail (-10% HP).
You passively map a small area around you.
You occasionally shout uncontrollably at your foes.
You are weak. (Str -2)


Message History

* * * LOW HITPOINT WARNING * * *
The acid corrodes you!
The acid burns!
* * * LOW HITPOINT WARNING * * *
A large slime creature splits.
You block the slime creature's attack.
You begin reading the scroll.
You continue reading the scroll.
You block the acid blob's attack.
You block the slime creature's attack. x2
The slime creature hits you!
* * * LOW HITPOINT WARNING * * *
As you read the scroll of teleportation, it crumbles to dust.
You feel strangely unstable.
Drink which item? (? for menu, Esc to quit)
You feel much better.
You block the titanic slime creature's attack.
The acid blob hits you.
* * * LOW HITPOINT WARNING * * *
You are splashed with acid!
The acid burns!
* * * LOW HITPOINT WARNING * * *
The slime creature hits you!
You die...
Your body glows with a rainbow of weird colours and disappears.

#.......#..##*...* *,,,* *
...#...#....###.#* **,,***
........#...##### *,,,,*,
.............# *## **,,,**
....>........#######.## **,,,,*
............##..#.....# *,,,,,,
........#............#* ***,,,,*
........#........J.#*** **,,,,,,*
.........#......@J.#,,***,,,,,,,,
.#........###..JJJ......,,,,,,,,,
.##.......#*##.#J......J,,,,*,,,,
##.....#...# ####.......,,,,,*,,,
*##.#.###.##**,**.......,,,,,,***
##### ###,*,,,,.......,,,,,,,**
*,,,,,,,.......,,,,,,,,,
**,,*,,,,......>,,,,,,,**
**,,,,,,,,,,,,,,,,,,,,,,,,


You could see an acid blob, a titanic slime creature, 4 slime creatures and a
jelly.

Vanquished Creatures
  Maud (Lair:4)
  Snorg (Lair:5)
  A yaktaur captain (D:9)
  The ghost of magog001 the Slinger, a journeyman MiHu of Nemelex Xobeh (D:10)
  Fannar (D:10)
  5 hydras
  2 ogre magi (Orc:2)
  Erica (D:8)
  Erolcha (Orc:2)
  3 centaur warriors (D:9)
  Sonja (Lair:3)
  3 hill giants
  An orc knight (Orc:1)
  3 shining eyes (Slime:1)
  9 orc sorcerers
  4 black mambas
  Joseph (D:7)
  2 gargoyles (D:10)
  9 spiny frogs
  3 komodo dragons
  A kobold demonologist (D:10)
  A rime drake (Lair:6)
  A troll (Orc:1)
  Prince Ribbit (D:8)
  2 two-headed ogres
  20 slime creatures
  A wraith (D:10)
  8 yaks
  2 hungry ghosts
  2 basilisks
  5 hippogriffs
  Grum (D:8)
  A warg (Orc:1)
  A mottled dragon (D:9)
  Menkaure (D:7)
  7 water moccasins
  8 porcupines
  21 orc warriors
  2 phantoms
  2 wasps
  6 ice beasts
  3 black bears
  10 ogres
  4 sky beasts
  An eye of draining (D:9)
  2 necrophages
  15 wolves
  10 centaurs
  6 crocodiles
  2 big kobolds
  7 giant frogs
  A gnoll sergeant (Orc:1)
  A water moccasin zombie (D:9)
  A wyvern skeleton (D:8)
  4 scorpions
  5 killer bees
  4 electric eels
  8 howler monkeys
  5 crimson imps
  4 jellies
  A centaur zombie (D:7)
  13 orc priests
  12 hounds
  3 centaur skeletons
  A gnoll shaman (D:5)
  31 orc wizards
  11 iguanas
  10 worker ants
  6 sheep (Lair:1)
  2 hound zombies (D:6)
  A worker ant zombie (D:5)
  A howler monkey zombie (D:8)
  8 gnolls
  A howler monkey skeleton (D:5)
  9 adders
  25 river rats
  4 shadow imps
  12 white imps (Lair:2)
  2 oozes
  2 adder zombies
  2 worms
  2 dart slugs (D:2)
  7 giant geckos
  93 orcs
  9 bats
  7 giant cockroaches
  6 goblins
  5 hobgoblins
  15 jackals
  12 kobolds
  8 quokkas
  2 ball pythons
  4 giant newts
  A quokka skeleton (D:7)
  7 rats
  5 fungi
  6 plants
586 creatures vanquished.

Vanquished Creatures (collateral kills)
  A stone giant (Orc:1)
  An ogre mage (Orc:2)
  An orc sorcerer (Orc:2)
  A spiny frog (Lair:3)
  A boulder beetle (Orc:1)
5 creatures vanquished.

Vanquished Creatures (others)
  An orc warrior (Orc:2)
  An orc wizard (Orc:2)
  4 fungi
  2 plants (Lair:3)
8 creatures vanquished.

Grand Total: 599 creatures vanquished

Notes
Turn   | Place    | Note
--------------------------------------------------------------
     0 | D:1      | magog001 the Minotaur Fighter began the quest for the Orb.
     0 | D:1      | Reached XP level 1. HP: 19/19 MP: 0/0
   273 | D:1      | Reached XP level 2. HP: 26/27 MP: 1/1
   916 | D:2      | Reached XP level 3. HP: 33/33 MP: 2/2
  1193 | D:2      | Reached XP level 4. HP: 35/41 MP: 3/3
  1394 | D:3      | Reached skill level 1 in Dodging
  1756 | D:3      | Gained mutation: Scrolls take you a little longer to read. [potion of mutation]
  1756 | D:3      | Gained mutation: You have an increased reservoir of magic (+10% MP). [potion of mutation]
  1892 | D:4      | Reached XP level 5. HP: 32/47 MP: 4/4
  1894 | D:4      | Reached skill level 5 in Fighting
  1958 | D:4      | Found Zynischups's Book Emporium.
  2006 | D:4      | Reached skill level 5 in Shields
  2176 | D:4      | Found a stormy altar of Qazlal.
  2235 | D:4      | Reached XP level 6. HP: 54/56 MP: 5/5
  2251 | D:4      | Found a snail-covered altar of Cheibriados.
  3060 | D:4      | Reached skill level 1 in Long Blades
  3076 | D:4      | Reached skill level 5 in Armour
  3076 | D:4      | Reached XP level 7. HP: 44/61 MP: 6/6
  3134 | D:4      | Reached skill level 2 in Long Blades
  3215 | D:5      | Entered Level 5 of the Dungeon
  3455 | D:5      | Reached skill level 3 in Long Blades
  3835 | D:5      | Found a glowing golden altar of the Shining One.
  3868 | D:5      | Gained mutation: You passively map a small area around you. [potion of mutation]
  3868 | D:5      | Gained mutation: You are surrounded by a mild repulsion field (EV +2). [potion of mutation]
  3868 | D:5      | Gained mutation: You are agile. (Dex +2) [potion of mutation]
  3952 | D:5      | Found a staircase to the Ecumenical Temple.
  3980 | D:5      | Reached skill level 4 in Long Blades
  3980 | D:5      | Reached XP level 8. HP: 71/71 MP: 7/7
  3984 | D:5      | Gained mutation: You are partially covered in rough black scales (AC +4, Dex -1). [mutagenic meat]
  3985 | D:5      | Lost mutation: You are agile. (Dex +2) [mutagenic meat]
  3986 | D:5      | Gained mutation: You have very sharp teeth. [mutagenic meat]
  3987 | D:5      | Gained mutation: Your mind is acute. (Int +2) [mutagenic meat]
  4261 | D:6      | Found an ancient bone altar of Kikubaaqudgha.
  4269 | D:6      | Found a white marble altar of Elyvilon.
  4271 | D:6      | Found a shimmering altar of Xom.
  4340 | D:6      | Found a bloodstained altar of Trog.
  4400 | D:6      | Found a sparkling altar of Nemelex Xobeh.
  4418 | D:6      | Became a worshipper of Nemelex Xobeh the Trickster
  4432 | D:6      | Found a burning altar of Makhleb.
  4454 | D:6      | Received a gift from Nemelex Xobeh
  4705 | D:6      | Found an oddly glowing altar of Pakellas.
  4707 | D:6      | Found a deep blue altar of Sif Muna.
  4709 | D:6      | Found a glowing golden altar of the Shining One.
  4951 | D:6      | Reached skill level 5 in Long Blades
  5129 | D:7      | Noticed Menkaure
  5133 | D:7      | Killed Menkaure
  5193 | D:7      | Reached XP level 9. HP: 79/79 MP: 8/8
  5267 | D:7      | Reached skill level 6 in Long Blades
  5268 | D:7      | Noticed Joseph
  5282 | D:7      | Killed Joseph
  5337 | D:7      | Found a bloodstained altar of Trog.
  5574 | D:7      | Reached * piety under Nemelex Xobeh
  5638 | D:7      | Noticed a hill giant
  5646 | D:7      | Killed a hill giant
  5646 | D:7      | Reached skill level 7 in Long Blades
  5646 | D:7      | Reached skill level 1 in Throwing
  5765 | D:7      | Received a gift from Nemelex Xobeh
  6065 | D:8      | Found a shattered altar of Ashenzari.
  6068 | D:8      | Found an opulent altar of Gozag.
  6150 | D:8      | Noticed Erica
  6165 | D:8      | Killed Erica
  6165 | D:8      | Reached skill level 8 in Long Blades
  6165 | D:8      | Reached XP level 10. HP: 54/90 MP: 10/10
  6372 | D:8      | Noticed Prince Ribbit
  6380 | D:8      | Killed Prince Ribbit
  6514 | D:8      | Noticed Grum
  6522 | D:8      | Killed Grum
  6700 | D:8      | Received a gift from Nemelex Xobeh
  6738 | D:8      | Lost mutation: You have an increased reservoir of magic (+10% MP). [mutagenic meat]
  6740 | D:8      | Gained mutation: You are weak. (Str -2) [mutagenic meat]
  6796 | D:8      | Reached skill level 10 in Shields
  7006 | D:8      | Reached skill level 9 in Long Blades
  7235 | D:9      | Reached ** piety under Nemelex Xobeh
  7351 | D:9      | Found a roughly hewn altar of Beogh.
  7401 | D:9      | Found a staircase to the Orcish Mines.
  7738 | D:9      | Reached XP level 11. HP: 86/99 MP: 10/10
  7867 | D:9      | Found a staircase to the Lair.
  7908 | D:9      | Noticed a centaur warrior
  7915 | D:9      | Killed a centaur warrior
  7915 | D:9      | Reached skill level 10 in Fighting
  8230 | D:10     | Entered Level 10 of the Dungeon
  8402 | D:10     | Reached skill level 10 in Long Blades
  8451 | D:10     | Reached skill level 10 in Armour
  8544 | D:9      | Noticed a hill giant
  8551 | D:9      | Killed a hill giant
  8641 | D:9      | Noticed a centaur warrior
  8642 | D:9      | Noticed a yaktaur captain
  8642 | D:9      | Noticed an eight-headed hydra
  8642 | D:9      | Noticed a centaur warrior
  8677 | D:9      | Killed a centaur warrior
  8680 | D:9      | Killed a centaur warrior
  8680 | D:9      | Reached skill level 5 in Throwing
  8691 | D:9      | Killed a yaktaur captain
  8891 | D:9      | Killed a five-headed hydra
  8895 | D:9      | Reached skill level 11 in Long Blades
  9192 | D:10     | Noticed magog001's ghost (journeyman MiHu)
  9210 | D:10     | Killed magog001's ghost
  9210 | D:10     | Reached skill level 1 in Evocations
  9594 | D:10     | Noticed a hill giant
  9604 | D:10     | Killed a hill giant
  9689 | D:10     | Reached XP level 12. HP: 108/108 MP: 11/11
  9771 | D:10     | Noticed Fannar
  9794 | D:10     | Killed Fannar
 10030 | Orc:1    | Entered Level 1 of the Orcish Mines
 10030 | Orc:1    | Received a gift from Nemelex Xobeh
 10034 | Orc:1    | Lost mutation: Scrolls take you a little longer to read. [a neqoxec]
 10733 | Orc:1    | Reached skill level 12 in Long Blades
 10774 | Orc:1    | Received a gift from Nemelex Xobeh
 10875 | Orc:1    | Reached *** piety under Nemelex Xobeh
 10964 | Orc:2    | Entered Level 2 of the Orcish Mines
 10964 | Orc:2    | Noticed an ogre mage
 10965 | Orc:2    | an ogre mage changed into a boulder beetle
 10970 | Orc:2    | Noticed a stone giant
 11156 | Orc:1    | Killed a stone giant
 11847 | Orc:2    | Found a staircase to the Elven Halls.
 12091 | Orc:2    | Received a gift from Nemelex Xobeh
 12412 | Orc:2    | Found a radiant altar of Vehumet.
 12412 | Orc:2    | Noticed an ogre mage
 12413 | Orc:2    | Noticed Erolcha
 12416 | Orc:2    | Killed an ogre mage
 12419 | Orc:2    | Noticed an ogre mage
 12426 | Orc:2    | Killed an ogre mage
 12432 | Orc:2    | Killed Erolcha
 12460 | Orc:2    | Noticed an ogre mage
 12478 | Orc:2    | Killed an ogre mage
 12657 | Orc:2    | Found Qipsaff's Gadget Shoppe.
 12667 | Orc:2    | Reached XP level 13. HP: 112/117 MP: 13/13
 12696 | Orc:2    | Found an ancient bone altar of Kikubaaqudgha.
 12706 | Orc:2    | Bought a disc of storms for 300 gold pieces
 12706 | Orc:2    | Bought a wand of disintegration (11/24) for 225 gold pieces
 12706 | Orc:2    | Bought a box of beasts for 300 gold pieces
 12706 | Orc:2    | Bought a legendary deck of wonders for 390 gold pieces
 12714 | Orc:2    | Bought a disc of storms for 300 gold pieces
 12737 | Orc:2    | Found a roughly hewn altar of Beogh.
 12737 | Orc:2    | Found Byeshre's Magic Scroll Shoppe.
 12737 | Orc:2    | Found Miket's Distillery.
 12745 | Orc:2    | Found Kiworeaxt's Antique Weapon Emporium.
 12760 | Orc:2    | Bought a scroll of identify for 30 gold pieces
 12760 | Orc:2    | Bought a scroll of identify for 30 gold pieces
 12760 | Orc:2    | Bought a scroll of teleportation for 45 gold pieces
 12777 | Orc:2    | Bought a potion of curing for 42 gold pieces
 12777 | Orc:2    | Bought a potion of curing for 42 gold pieces
 12777 | Orc:2    | Bought a potion of curing for 42 gold pieces
 12777 | Orc:2    | Bought a potion of curing for 42 gold pieces
 13008 | Lair:1   | Entered Level 1 of the Lair of Beasts
 13322 | Lair:1   | Received a gift from Nemelex Xobeh
 13824 | Lair:2   | Reached skill level 13 in Long Blades
 13928 | Lair:2   | Reached **** piety under Nemelex Xobeh
 13941 | Lair:2   | Received a gift from Nemelex Xobeh
 13973 | Lair:2   | Found a frozen archway.
 14548 | Lair:3   | Received a gift from Nemelex Xobeh
 14564 | Lair:3   | Noticed Sonja
 14842 | Lair:3   | Received a gift from Nemelex Xobeh
 14985 | Lair:3   | Reached ***** piety under Nemelex Xobeh
 15042 | Lair:3   | Received a gift from Nemelex Xobeh
 15733 | Lair:3   | Killed Sonja
 15799 | Lair:4   | Found a hole to the Spider Nest.
 15945 | Lair:4   | Got a faintly glowing shield
 15956 | Lair:4   | Identified the +0 shield "Huemor" {MR+ Int-5 Dex+7 SInv} (You found it on level 4 of the Lair of Beasts)
 16027 | Lair:4   | Noticed Maud
 16040 | Lair:4   | Killed Maud
 16213 | Lair:4   | Received a gift from Nemelex Xobeh
 16482 | Lair:5   | Found an opulent altar of Gozag.
 16563 | Lair:5   | Found a staircase to the Shoals.
 16763 | Lair:5   | Received a gift from Nemelex Xobeh
 16789 | Lair:5   | Noticed Snorg
 16800 | Lair:5   | Killed Snorg
 16947 | Lair:6   | Found a staircase to the Slime Pits.
 17130 | Lair:6   | Received a gift from Nemelex Xobeh
 17274 | Lair:6   | Identified a scroll of acquirement
 17356 | Lair:6   | Reached skill level 14 in Long Blades
 17480 | Lair:6   | Received a gift from Nemelex Xobeh
 17542 | Lair:6   | Reached ****** piety under Nemelex Xobeh
 17615 | Slime:1  | Entered Level 1 of the Pits of Slime
 17628 | Slime:1  | Gained mutation: Scrolls take you a little longer to read. [a shining eye]
 17629 | Slime:1  | Gained mutation: You are frail (-10% HP). [a shining eye]
 17646 | Slime:1  | Reached XP level 14. HP: 109/114 MP: 14/14
 17653 | Slime:1  | Gained mutation: Your body sometimes deteriorates upon taking damage. [a shining eye]
 17655 | Slime:1  | Gained mutation: Armour fits poorly on your strangely shaped body. [a shining eye]
 17657 | Slime:1  | Gained mutation: You occasionally shout uncontrollably at your foes. [a shining eye]
 17661 | Slime:1  | Gained mutation: Your body often deteriorates upon taking damage. [a shining eye]
 17914 | Slime:1  | Noticed an acid blob
 17929 | Slime:1  | HP: 1/116 [slime creature (10)]
 17930 | Slime:1  | Slain by a slime creature

Skill      XL: |  1  2  3  4  5  6  7  8  9 10 11 12 13 14 |
---------------+-------------------------------------------+-----
Fighting       | 4 5 6 7 8 9 10 11 12 13 | 13.0
Armour         | 4 5 6 7 8 9 10 12 | 12.9
Shields        | 4 5 6 8 9 10 11 12 13 | 13.6
Dodging        | 1 2 3 4 |  4.3
Axes           | 3 4 |  4.1
Long Blades    | 1 4 5 8 9 11 12 14 | 14.4
Throwing       | 1 4 5 7 8 |  8.7
Evocations     | 1 |  1.8
Stealth        | |  0.8

Action                   |  1- 3 |  4- 6 |  7- 9 | 10-12 | 13-15 || total
-------------------------+-------+-------+-------+-------+-------++-------
Melee: War axe           |    69 |    52 |       |       |       ||   121
       Headbutt          |    14 |    23 |    47 |   106 |    97 ||   287
       Falchion          |       |    72 |   243 |    79 |       ||   394
       Bite              |       |       |    15 |    61 |    57 ||   133
       Scimitar          |       |       |       |   501 |   465 ||   966
 Fire: Blowgun           |       |       |       |       |     2 ||     2
Throw: Tomahawk          |       |       |    13 |    26 |    18 ||    57
       Javelin           |       |       |       |       |     1 ||     1
Evoke: Deck              |       |       |     1 |    25 |    10 ||    36
       Wand              |       |       |       |     1 |     2 ||     3
       Fan of gales      |       |       |       |     1 |       ||     1
       Box of beasts     |       |       |       |       |     1 ||     1
       Disc of storms    |       |       |       |       |     1 ||     1
  Use: Scroll            |     1 |    10 |     8 |     7 |    15 ||    41
       Potion            |       |     8 |     2 |     8 |     6 ||    24
  Eat: Chunk             |     1 |     6 |    13 |    20 |       ||    40
       Royal jelly       |       |     1 |       |       |       ||     1
       Fruit             |       |       |     2 |     1 |       ||     3
       Beef jerky        |       |       |       |     1 |     3 ||     4
       Bread ration      |       |       |       |     2 |     1 ||     3
       Meat ration       |       |       |       |       |     1 ||     1
Armor: Scale mail        |    36 |    24 |       |       |       ||    60
       Plate armour      |       |    55 |    93 |   196 |   169 ||   513
Dodge: Dodged            |    39 |    46 |    39 |    99 |    69 ||   292
Block: Shield            |    44 |    78 |       |       |       ||   122
       Large shield      |       |    13 |   205 |   561 |   434 ||  1213
